 Dungeon Crawl Stone Soup version 0.30-a0-586-g23e55c9e0a (webtiles) character file.

Game seed: 10286022633700759164

141 Bnni the Vexing (level 5, 0/57 HPs)
             Began as a Formicid Hexslinger on Jan 3, 2023.
             Slain by an adder (3 damage)
             ... on level 3 of the Dungeon.
             The game lasted 00:03:43 (2270 turns).

Bnni the Vexing (Formicid Hexslinger)               Turns: 2270, Time: 00:03:44

Health: 0/57       AC: 22    Str: 15    XL:     5   Next: 48%
Magic:  6/7        EV:  2    Int: 14    God:
Gold:   160        SH:  0    Dex: 14    Spells: 3/7 levels left

rFire   . . .      SeeInvis .    a - +1 sling
rCold   + . .      Faith    .    o - orb {mayhem}
rNeg    . . .      Spirit   .    (body armour currently unavailable)
rPois   +          Reflect  .    (helmet unavailable)
rElec   .          Harm     .    (cloak currently unavailable)
rCorr   .          Rampage  .    (gloves currently unavailable)
Will    .....                    (boots currently unavailable)
Stlth   +                        (no amulet)
HPRegen 0.29/turn                i - ring of protection from cold
MPRegen 0.10/turn                (no ring)

@: lethally poisoned (0 -> -1), tree-form
A: stationary, stasis, torment immunity, boosted hp, permanent stasis, dig
shafts and tunnels, (antennae 3), four strong arms
a: no special abilities


You were on level 3 of the Dungeon.
You were a tree.
You visited 1 branch of the dungeon, and saw 3 of its levels.

You collected 160 gold pieces.

Inventory:

Hand Weapons
 a - a +1 sling (weapon)
Armour
 g - a +0 robe (melded)
 k - a +0 pair of gloves (melded)
 o - an orb of mayhem (worn)
Jewellery
 i - a ring of protection from cold (left branch)
Scrolls
 b - 3 scrolls of poison
 c - a scroll of noise {unknown}
 e - 3 scrolls of identify {unknown}
 f - a scroll of silence {unknown}
 j - a scroll of immolation {unknown}
 m - a scroll of teleportation {unknown}
 q - a scroll of enchant armour {unknown}
Potions
 h - a potion of might {unknown}
 l - a potion of attraction {unknown}
 n - a potion of degeneration {unknown}
 p - a potion of curing {unknown}
 r - a potion of resistance {unknown}


   Skills:
 + Level 2.0 Fighting
 * Level 3.1 Ranged Weapons
 - Level 1.7 Dodging
 + Level 1.8 Spellcasting
 * Level 4.6 Hexes
 * Level 2.3 Fire Magic


You had 3 spell levels left.
You knew the following spells:

 Your Spells              Type           Power      Damage    Failure   Level
a - Slow                  Hex            56%        N/A       3%          1
b - Inner Flame           Hex/Fire       11%        N/A       17%         3

Your spell library contained the following spells:

 Spells                   Type           Power      Damage    Failure   Level
 Kiss of Death            Conj/Necr      4%         2d5       24%         1
 Portal Projectile        Hex/Tloc       14%        N/A       28%         3
 Cause Fear               Hex            7%         N/A       34%         4


Dungeon Overview and Level Annotations

Branches:
Dungeon (3/15)

Altars:
Makhleb
Sif Muna
Yredelemnul


Innate Abilities, Weirdness & Mutations

You are a tree.
Your roots penetrate the ground, keeping you stationary.
You cannot be teleported.
You are immune to unholy pain and torment.
Your maximum health is greatly increased.
Your equipment is partially melded.
You cannot be hasted, slowed, berserked, paralysed or teleported.
You can dig through walls and to a lower floor.
((You have a pair of large antennae on your head. (SInv)))
Your four strong arms can wield two-handed weapons with a shield.


Message History

You shoot a sling bullet.
The sling bullet barely misses the adder.
* * * LOW HITPOINT WARNING * * *
You feel very sick. The bat hits you but does no damage. The adder misses you.
It was a potion of lignification.
You turn into a tree.
Your +0 pair of gloves melds into your body.
Your +0 robe melds into your body.
Your roots penetrate the ground.
* * * LOW HITPOINT WARNING * * *
You feel sick. The adder bites you but does no damage.
Okay, then.
Fire: a) +1 sling
Press: ? - help, Shift-Dir - straight line, f/p - adder
Aim: an adder (almost dead, slow, 40% to hit)
You shoot a sling bullet.
The sling bullet closely misses the adder.
You feel sick. The bat completely misses you.
The bat hits you but does no damage. The adder bites you but does no damage.
The bat hits you but does no damage.
Fire: a) +1 sling
Press: ? - help, Shift-Dir - straight line, f/p - adder
Aim: an adder (almost dead, slow, 40% to hit)
You shoot a sling bullet. The sling bullet misses the adder.
* * * LOW HITPOINT WARNING * * *
You feel sick.
The adder is no longer moving slowly.
The bat hits you but does no damage. The adder bites you but does no damage.
The bat hits you but does no damage. The adder bites you but does no damage.
Fire: a) +1 sling
Press: ? - help, Shift-Dir - straight line, f/p - adder
Aim: an adder (almost dead, 40% to hit)
You shoot a sling bullet. The sling bullet hits the adder.
The adder is almost dead.
You feel sick. The bat hits you but does no damage.
The adder bites you but does no damage.
Fire: a) +1 sling
Press: ? - help, Shift-Dir - straight line, f/p - adder
Aim: an adder (almost dead, 40% to hit)
You shoot a sling bullet. The sling bullet misses the adder.
You feel sick.
The bat hits you but does no damage. x2; The adder bites you.
You die...

#.......#######...........#.>.
#.........................##..
#........##########.....#..#..
#.............................
#.......####.....####.#####.#.
#.......###.......# ♣.♣ #)....
#.......##.)......#♣♣.♣♣#.....
#.......##...b............#...
##########...♣....#♣♣.♣♣###.##
#....S...# ♣.♣ #...#
#........# #.###..###
#.........##..#......
#.........###.....###
#.........# ###...#
#.........# ##### ..........#


You could see an adder and a bat.

Vanquished Creatures
  4 gnolls (D:2)
  2 adders
  2 dart slugs
  2 orcs (D:3)
  6 endoplasms
  4 giant cockroaches (D:2)
  6 goblins
  6 hobgoblins
  4 jackals
  2 quokkas
  4 ball pythons
  5 bats
  3 frilled lizards
  5 kobolds
  8 rats
63 creatures vanquished.

Vanquished Creatures (others)
  2 orc wizards (D:3)
2 creatures vanquished.

Grand Total: 65 creatures vanquished

Notes
Turn   | Place    | Note
-------+----------+-------------------------------------------
     0 | D:1      | Bnni the Formicid Hexslinger began the quest for the Orb.
     0 | D:1      | Reached XP level 1. HP: 15/15 MP: 2/2
    96 | D:1      | Reached XP level 2. HP: 21/21 MP: 3/3
   329 | D:1      | Found a faded altar of an unknown god.
   393 | D:1      | Reached skill level 1 in Fire Magic
   528 | D:1      | Reached XP level 3. HP: 26/26 MP: 4/4
   532 | D:1      | Learned a level 3 spell: Inner Flame
   761 | D:2      | Reached skill level 4 in Hexes
  1030 | D:2      | Reached XP level 4. HP: 23/32 MP: 6/6
  1556 | D:2      | Reached XP level 5. HP: 32/38 MP: 7/7
  1708 | D:3      | Found a burning altar of Makhleb.
  1718 | D:3      | Found a basalt altar of Yredelemnul.
  1961 | D:3      | Found a shimmering blue altar of Sif Muna.
  2141 | D:3      | Got Sif Muna's Compendium of Open Graves
  2270 | D:3      | Slain by an adder

Illustrated notes

Levels and vault maps discovered:
D:1:      minmay_arrival_five_plusses, layout_basic,
          dreamdust_ecumenical_altar_statues
D:2:      layout_basic
D:3:      layout_rooms, led_sif_book, mainiacjoe_overflow_large_starburst,
          minmay_misc_feat_room, minmay_tree_intersection, uniq_robin

Skill      XL: |  1  2  3  4  5 |
---------------+----------------+-----
Fire Magic     | 1 2 |  2.3
Hexes          | 4 |  4.6
Ranged Weapons | 3 |  3.1
Fighting       | 2 |  2.0
Dodging        | |  1.7
Spellcasting   | |  1.8

Action                   |  1- 3 |  4- 6 || total
-------------------------+-------+-------++-------
 Fire: Sling             |   117 |   148 ||   265
 Cast: Slow              |       |     7 ||     7
       Inner Flame       |       |     2 ||     2
 Abil: Dig               |       |     1 ||     1
  Use: Potion            |       |     1 ||     1
Armor: Robe              |    11 |    24 ||    35
       Skin              |       |    12 ||    12
Dodge: Dodged            |    47 |    73 ||   120

Table legend: (Time is in decaauts)
 A = Elapsed time spent in this place.
 B = Non-inter-level travel time spent in this place.
 C = Inter-level travel time spent in this place.
 D = Time resting spent in this place.
 E = Time spent auto-exploring this place.
 F = Levels seen in this place.
 G = Mean time per level.
                   A        B        C        D        E       F      G
               +--------+--------+--------+--------+--------+-----+--------+
         Total |   2340 |   2310 |     30 |    140 |   1614 |   3 |  780.0 |
       Dungeon |   2340 |   2310 |     30 |    140 |   1614 |   3 |  780.0 |
               +--------+--------+--------+--------+--------+-----+--------+

Top non-repeatable levels by time:
     D:2: 925 daAuts
     D:1: 765 daAuts
     D:3: 650 daAuts
